 Dungeon Crawl Stone Soup version 0.31.0-11-ge490571c62 (webtiles) character file.

Game seed: 16996822979672157344

77 SnakkuSnakku7 the Caller (level 4, -2/37 HPs)
             Began as a Ghoul Summoner on Jan 26, 2024.
             Slain by a sky beast (6 damage)
             ... on level 6 of the Dungeon.
             The game lasted 00:03:04 (2026 turns).

SnakkuSnakku7 the Caller (Ghoul Summoner)           Turns: 2026, Time: 00:03:05

Health: -2/37      AC:  6    Str: 13    XL:     4   Next: 33%
Magic:  6/6        EV: 10    Int: 14    God:
Gold:   98         SH:  0    Dex:  9    Spells: 5/6 levels left

rFire   . .          .
                       - Unarmed
rCold   + . .        (no shield)
rNeg    + + +        e - +0 ring mail
rPois   ∞            m - +0 helmet
rElec   .            (no cloak)
rCorr   +            (no gloves)
SInv    .            (no boots)
Will    .....        (no amulet)
Stlth   +            d - ring of resist corrosion
HPRegen 0.00/turn    (no ring)
MPRegen 0.10/turn

%: no passive effects
@: inhibited regen
A: claws 1, cold resistance 1, negative energy resistance 3, inhibited
regeneration, torment resistance 2, devour on kill
a: no special abilities


You were on level 6 of the Dungeon.
You visited 1 branch of the dungeon, and saw 5 of its levels.

You collected 98 gold pieces.

Inventory:

Hand Weapons
 a - a +0 executioner's axe
Missiles
 h - 5 poisoned darts
Armour
 e - a +0 ring mail (worn)
 m - a +0 helmet (worn)
 q - a +0 robe
Jewellery
 d - a ring of resist corrosion (left claw)
 p - a ring of ice
Scrolls
 c - 2 scrolls of identify {unknown}
 g - 3 scrolls of silence {unknown}
 i - a scroll of fear {unknown}
 j - 2 scrolls of teleportation {unknown}
 l - a scroll of blinking {unknown}
 n - a scroll of fog {unknown}
 o - a scroll of revelation {unknown}
 t - a scroll of immolation {unknown}
Potions
 b - 2 potions of magic
 r - a potion of haste {unknown}
 s - a potion of degeneration {unknown}


   Skills:
 - Level 2.6 Fighting
 + Level 0.6 Axes
 - Level 1.7 Dodging
 - Level 2.1 Stealth
 - Level 2.7 Unarmed Combat
 - Level 1.7 Spellcasting
 - Level 3.6 Summonings


You had 5 spell levels left.
You knew the following spells:

 Your Spells              Type           Power      Damage    Failure   Level
a - Summon Small Mammal   Summ           44%        N/A       12%         1

Your spell library contained the following spells:

 Spells                   Type           Power      Damage    Failure   Level
 Call Imp                 Summ           22%        N/A       19%         2
 Call Canine Familiar     Summ           11%        N/A       36%         3
 Kiss of Death            Conj/Necr      4%         2d5       47%         1
 Confusing Touch          Hex            1%         N/A       85%         3
 Summon Blazeheart Golem  Fire/Summ      6%         N/A       95%         4
 Summon Lightning Spire   Summ/Air       6%         N/A       95%         4
 Dispel Undead            Necr           1%         3d6       99%         4


Dungeon Overview and Level Annotations

Branches:
Dungeon (6/15)
 Temple: D:4-7

Altars:

Shops:
D:2 [


Innate Abilities, Weirdness & Mutations

You are immune to poison.
You have sharp fingernails.
Your flesh is cold resistant. (rC+)
You are immune to negative energy. (rN+++)
You do not regenerate when monsters are visible.
You are immune to unholy pain and torment.
You thrive by killing the living.


Message History

Something hits you but does no damage.
You miss something. Something hits you. Something shocks you.
You closely miss something. Something hits you but does no damage.
You scratch something. Something hits you. Something shocks you.
* * * LOW HITPOINT WARNING * * *
You scratch something but do no damage. Something hits you but does no damage.
You closely miss something. Something hits you but does no damage.
You feel better. Something hits you. Something shocks you.
* * * LOW HITPOINT WARNING * * *
It was a potion of heal wounds.
You feel much better. Something hits you. Something shocks you.
You miss something. Something completely misses you.
You scratch something.
A sky beast appears from thin air!
Reactivating autopickup.
The sky beast barely misses you.
You scratch the sky beast.
The sky beast is severely wounded.
The sky beast hits you. The sky beast shocks you.
You barely miss the sky beast.
The sky beast is severely wounded.
The sky beast hits you but does no damage.
You scratch the sky beast.
The sky beast is almost dead.
The sky beast hits you but does no damage.
You scratch the sky beast but do no damage.
The sky beast is almost dead.
The sky beast hits you. The sky beast shocks you.
* * * LOW HITPOINT WARNING * * *
You scratch the sky beast.
The sky beast is almost dead.
The sky beast hits you but does no damage.
You barely miss the sky beast.
The sky beast is almost dead.
The sky beast flickers out of sight!
Deactivating autopickup; reactivate with Ctrl-A.
Something hits you but does no damage.
You closely miss something. Something hits you.
* * * LOW HITPOINT WARNING * * *
Something shocks you.
You die...

.......
.......
.......
.......
.......
.......
#####.......
#..@{.......
#.###.......
#.#########.
#.....#
#####.# #'#
#.....#
#.....#
#.....#


There were no monsters in sight!

Vanquished Creatures
  Robin (D:1)
  An adder (D:2)
  A dart slug (D:1)
  A giant cockroach (D:1)
  13 goblins
  7 hobgoblins
  3 jackals (D:2)
  2 quokkas
  7 ball pythons
  2 bats (D:2)
  A frilled lizard (D:3)
  5 kobolds
  5 rats
49 creatures vanquished.

Notes
Turn   | Place    | Note
-------+----------+-------------------------------------------
     0 | D:1      | SnakkuSnakku7 the Ghoul Summoner began the quest for the
                  | Orb.
     0 | D:1      | Reached XP level 1. HP: 14/14 MP: 3/3
   313 | D:1      | Reached skill level 1 in Fighting
   313 | D:1      | Reached skill level 1 in Unarmed Combat
   336 | D:1      | Reached XP level 2. HP: 21/23 MP: 4/4
   839 | D:2      | Noticed Robin
   985 | D:2      | Reached XP level 3. HP: 24/29 MP: 5/5
  1017 | D:1      | Killed Robin
  1259 | D:2      | Reached XP level 4. HP: 36/37 MP: 6/6
  1405 | D:2      | Found Xiroc's Armour Emporium.
  1811 | D:3      | You fall into a shaft and drop 2 floors!
  1811 | D:5      | Entered Level 5 of the Dungeon
  1830 | D:5      | Noticed a phantom
  1996 | D:6      | Noticed a sky beast
  2026 | D:6      | Slain by a sky beast

Illustrated notes

Levels and vault maps discovered:
D:1:      evilmike_arrival_hilbert_curve, layout_loops_ring,
          hangedman_decor_slide_cut, dreamdust_mushroom_princess,
          kennysheep_decorative_pillar
D:2:      layout_loops_ring, basic_altar, serial_shops, nicolae_square_shop,
          uniq_robin
D:3:      layout_loops_ring, uniq_crazy_yiuf_cottage
D:5:      layout_basic, minmay_temple_entry_statues_pillars, uniq_ijyb,
          uniq_duvessa, uniq_menkaure
D:6:      layout_basic, small_statue_intersection

Skill      XL: |  1  2  3 |
---------------+----------+-----
Fighting       | 1 2 |  2.6
Unarmed Combat | 1 2 |  2.7
Axes           | |  0.6
Dodging        | |  1.7
Stealth        | |  2.1
Spellcasting   | |  1.7
Summonings     | |  3.6

Action                     |  1- 3 |  4- 6 || total
---------------------------+-------+-------++-------
  Melee: Unarmed           |   111 |    39 ||   150
         Punch             |     2 |       ||     2
         Executioner's axe |       |    65 ||    65
    Use: Potion            |       |     3 ||     3
   Stab: Sleeping          |     1 |       ||     1
 Armour: Robe              |    13 |       ||    13
         Ring mail         |    75 |   106 ||   181
  Dodge: Dodged            |    64 |    67 ||   131
